AoeStats
← steam.guileless687

Hideout

507895351Analyzed
1v1 RM · 11d ago on Sep 20, 2026· 94m 51s· 2 players
Game mode
Random Map
Map size
Tiny (2 player)
Population
200
Speed
Normal
Resources
Standard
Victory
Conquest
Starting age
Dark Age
Ending age
Imperial Age
RankedLock teamsTeams togetherTeam positionsShared explorationLock speedFull tech treeHidden civsTurbo modeCheats
Victory
Defeat
🇺🇸 Persians · United States
488
+15
🇺🇸 Mongols · United States
471
-15
steam.guileless687
10:50 Feudal Age
12:26 Wheelbarrow
12:10 Horse Collar
12:19 Double-Bit Axe
21:09 Castle Age
19:51 Bloodlines
20:28 Man-at-Arms
22:41 Stone Mining
23:34 Pikeman
24:52 Hand Cart
26:45 Bow Saw
26:28 Loom
26:29 Town Watch
30:02 Light Cavalry
34:13 Heavy Plow
35:40 Murder Holes
35:36 Guard Tower
36:40 Elite Skirmisher
37:50 Forging
37:46 Scale Barding Armor
37:45 Town Patrol
38:00 Squires
37:50 Arson
39:18 Ballistics
39:11 Thumb Ring
39:50 Long Swordsman
41:30 Stone Shaft Mining
40:50 Gold Mining
41:53 Masonry
42:47 Fletching
43:33 Iron Casting
45:02 Husbandry
48:35 Gold Shaft Mining
49:07 Nomads
50:31 Bodkin Arrow
50:38 Padded Archer Armor
50:59 Chain Barding Armor
54:08 Imperial Age
52:29 Leather Archer Armor
56:48 Conscription
57:05 Hoardings
56:07 Elite Mangudai
57:13 Drill
58:56 Hussar
60:54 Blast Furnace
59:55 Bracer
59:56 Scale Mail Armor
61:25 Chemistry
60:36 Fortified Wall
60:32 Siege Engineers
63:20 Heavy Camel Rider
64:27 Two-Handed Swordsman
66:47 Champion
70:32 Chain Mail Armor
71:59 Parthian Tactics
70:58 Crossbowman
ExPrFrost
8:30 Loom
18:29 Feudal Age
18:33 Man-at-Arms
19:00 Arson
21:35 Double-Bit Axe
25:17 Fletching
27:56 Castle Age
27:12 Horse Collar
28:57 Heavy Plow
29:11 Bow Saw
29:47 Fervor
29:22 Long Swordsman
29:48 Gambesons
30:05 Squires
30:15 Gold Mining
30:16 Stone Mining
30:51 Pikeman
43:56 Wheelbarrow
46:30 Imperial Age
44:35 Bloodlines
44:25 Husbandry
47:01 Stone Shaft Mining
47:02 Gold Shaft Mining
46:34 Bodkin Arrow
46:39 Padded Archer Armor
46:50 Forging
46:40 Scale Mail Armor
46:45 Scale Barding Armor
48:54 Two-Man Saw
48:58 Hand Cart
48:28 Town Watch
49:47 Crop Rotation
51:15 Cavalier
51:16 Light Cavalry
51:34 Crossbowman
52:19 Thumb Ring
52:41 Parthian Tactics
51:36 Heavy Cavalry Archer
51:38 Elite Skirmisher
54:23 Savar
54:27 Elite War Elephant
57:12 Chemistry
56:33 Ballistics
56:06 Heated Shot
56:29 Masonry
56:37 Kamandaran
56:59 Conscription
58:25 Town Patrol
59:07 Halberdier
60:07 Leather Archer Armor
60:28 Iron Casting
60:08 Chain Mail Armor
59:58 Scale Barding Armor
81:08 Capped Ram
86:57 Siege Ram
89:55 Guilds
Connection lost

Rejoining the realm…

Still unreachable

The connection could not be restored.

Session expired

The server has moved on; the page needs a fresh start.